 Dungeon Crawl Stone Soup version 0.26-a0-648-g87339cca5e (webtiles) character file.

Game seed: 17494021919269243399

9447 DogServant the Fighter (level 11, 0/100 HPs)
             Began as a Black Draconian Transmuter on Sept 25, 2020.
             Was a Believer of Ru.
             Killed from afar by an orc wizard (9 damage)
             ... with a magic dart
             ... on level 11 of the Dungeon.
             The game lasted 00:34:29 (15369 turns).

DogServant the Fighter (DrTm)                      Turns: 15369, Time: 00:34:31

Health: 0/100      AC:  7    Str: 12    XL:     11   Next: 23%
Magic:  15/15      EV: 22    Int: 20    God:    Ru [**....]
Gold:   658        SH:  5    Dex: 15    Spells: 6/16 levels left

rFire    . . .     SeeInvis .     - Unarmed
rCold    . . .     Faith    .   (no shield)
rNeg     . . .     Spirit   .   (armour unavailable)
rPois    .         Reflect  +   (helmet restricted)
rElec    +         Harm     .   (no cloak)
rCorr    .         Rampage  .   (no gloves)
MR       .....                  (no boots)
Stlth    ..........             b - amulet of reflection
HPRegen  0.26/turn              p - +6 ring of intelligence
MPRegen  0.14/turn              r - +4 ring of evasion

@: wereblooded
A: breathe lightning, unfitting armour, electricity resistance, cold-blooded, no
stealth, hated by all, AC +7
a: Breathe Lightning, Renounce Religion


You were on level 11 of the Dungeon.
You worshipped Ru.
Ru was pleased with you.
You visited 1 branch of the dungeon, and saw 11 of its levels.

You collected 658 gold pieces.

Inventory:

Missiles
 c - a throwing net (quivered)
Jewellery
 b - an amulet of reflection (around neck)
 n - an uncursed ring of protection from cold
 p - a +6 ring of intelligence (left hand)
 q - an uncursed ring of protection from fire
 r - a +4 ring of evasion (right hand)
 s - an uncursed ring of poison resistance {unknown}
Wands
 k - a wand of random effects (24)
 x - a wand of polymorph (5)
Scrolls
 d - 2 scrolls of teleportation
 e - a scroll of identify
 f - 5 scrolls of remove curse
 g - a scroll of noise {unknown}
 l - 3 scrolls of enchant weapon
 u - a scroll of fog {unknown}
 v - a scroll of amnesia
 w - a scroll of summoning {unknown}
Potions
 a - a potion of cancellation
 h - a potion of mutation
 i - 4 potions of curing
 j - a potion of flight
 m - a potion of brilliance
 o - 2 potions of degeneration
 t - a potion of invisibility


   Skills:
 - Level 10.2 Fighting
 + Level 8.5 Dodging
 + Level 7.6 Unarmed Combat
 + Level 3.1 Spellcasting
 + Level 4.9 Transmutations
 + Level 2.5 Ice Magic
 - Level 7.6 Poison Magic


You had 6 spell levels left.
You knew the following spells:

 Your Spells              Type           Power        Failure   Level
a - Beastly Appendage     Tmut           ###...       1%          1
b - Wereblood             Tmut           ###.....     2%          2
c - Spider Form           Tmut/Pois      ####......   3%          3
d - Ice Form              Ice/Tmut       ###.....     30%         4

Your spell library contained the following spells:

 Spells                   Type           Power        Failure   Level
 Foxfire                  Conj/Fire      #...         14%         1
 Confusing Touch          Hex            #.......     38%         3
 Conjure Flame            Conj/Fire      #.......     38%         3
 Gell's Gravitas          Tloc           #.........   38%         3
 Inner Flame              Hex/Fire       #.......     38%         3
 Petrify                  Tmut/Erth      ##......     45%         4
 Blade Hands              Tmut           ###.......   45%         5
 Sticky Flame             Conj/Fire      #.......     80%         4
 Yara's Violent Unravell  Hex/Tmut       ##........   80%         5
 Metabolic Englaciation   Hex/Ice        #.........   93%         5
 Fireball                 Conj/Fire      #.........   98%         5
 Summon Small Mammal      Summ           Unusable     N/A         1
 Call Imp                 Summ           Unusable     N/A         2
 Call Canine Familiar     Summ           Unusable     N/A         3
 Summon Guardian Golem    Hex/Summ       Unusable     N/A         3
 Summon Ice Beast         Ice/Summ       Unusable     N/A         4
 Summon Lightning Spire   Summ/Air       Unusable     N/A         4

Dungeon Overview and Level Annotations

Branches:
Dungeon (11/15)            Temple (0/1) D:5            Lair (0/6) D:8
    Orc: D:9-12

Altars:
Elyvilon
Hepliaklqana
Makhleb
Qazlal
Ru
Xom
The Shining One

Shops:
D:9 (   D:10 *

Portals:
Trove: D:10 (give 6 scrolls of fear)


Innate Abilities, Weirdness & Mutations

You can breathe wild blasts of lightning.
Your glossy black scales are hard. (AC +7)
You cannot fit into any form of body armour.
You are resistant to electric shocks. (rElec)
You are cold-blooded and may be slowed by cold attacks.
You cannot be stealthy.
You are hated by all.


Message History

The orc warrior is moderately wounded.
The orc warrior is stunned by your will and fails to attack.
Something misses you.
You hear some strange, mumbled words.
A magic dart appears from out of thin air!
The magic dart hits you.
* * * LOW HITPOINT WARNING * * *
The big kobold misses you.
The kobold hits you with a +0 short sword.
* * * LOW HITPOINT WARNING * * *
Okay, then.
You're too confused!
You feel better.
The orc warrior hits you with a +0 scimitar!!
* * * LOW HITPOINT WARNING * * *
Something barely misses you.
You hear some strange, mumbled words.
A magic dart appears from out of thin air!
The magic dart hits you!
You die...

#.............##
#..............#
#########..# ####..##
#.....# .# #....## ...
#o...# .... #o{.## ###
.....#@#.#
..########...o.KK..#
..#......#....#....#
..#......#...
#....(.....
..#......#..
#...#......
..#......#.
.....#......
..#......#
......#..####
'##......#......#'#..#
.........#..#...#....#


You could see an orc warrior, a big kobold, an orc wizard, an orc and a kobold.

Vanquished Creatures
  Erolcha (D:9)
  Erica (D:8)
  2 two-headed ogres
  A centaur zombie (D:7)
  Maggie (D:7)
  2 polar bears (D:10)
  2 hippogriffs
  A yak (D:10)
  2 wargs (D:8)
  Duvessa (D:7)
  A water moccasin (D:6)
  6 ice beasts
  An orc warrior (D:8)
  8 sky beasts
  A black bear (D:9)
  2 necrophages
  A phantom (D:4)
  5 ogres
  A centaur (D:7)
  A big kobold (D:8)
  Blork the orc (D:5)
  2 bullfrogs
  Dowan (D:7)
  A water moccasin zombie (D:8)
  2 scorpions
  8 killer bees
  3 wights (D:8)
  3 howler monkeys
  An electric eel (D:10)
  2 quasits
  3 orc priests
  9 hounds
  2 jellies
  A centaur skeleton (D:6)
  9 orc wizards
  An iron imp (D:8)
  Crazy Yiuf (D:2)
  Jessica (D:2)
  2 bullfrog skeletons (D:7)
  An iguana (D:5)
  10 worker ants
  7 gnolls
  12 adders
  3 shadow imps
  4 white imps
  2 ufetubi
  An adder zombie (D:8)
  An ooze (D:1)
  An adder skeleton (D:9)
  2 worms
  A dart slug (D:1)
  7 leopard geckos
  36 orcs
  2 ball pythons
  6 giant cockroaches
  13 goblins
  5 hobgoblins
  8 jackals
  10 kobolds
  3 quokkas
  12 bats
  6 frilled lizards
  3 hobgoblin zombies (D:8)
  A jackal skeleton (D:7)
  2 kobold skeletons (D:8)
  2 leopard gecko skeletons
  2 orc skeletons (D:8)
  2 orc zombies (D:8)
  2 quokka skeletons
  4 rats
265 creatures vanquished.

Vanquished Creatures (others)
  A plant (D:8)
1 creature vanquished.

Grand Total: 266 creatures vanquished

Notes
Turn   | Place    | Note
-------+----------+-------------------------------------------
     0 | D:1      | DogServant the Draconian Transmuter began the quest for the
                  | Orb.
     0 | D:1      | Reached XP level 1. HP: 16/16 MP: 3/3
   150 | D:1      | Reached skill level 2 in Fighting
   150 | D:1      | Reached XP level 2. HP: 9/24 MP: 3/5
   371 | D:1      | Reached XP level 3. HP: 29/30 MP: 4/6
   938 | D:2      | Reached skill level 3 in Fighting
   944 | D:2      | Reached XP level 4. HP: 38/38 MP: 7/7
  1291 | D:2      | Noticed Jessica
  1298 | D:2      | Killed Jessica
  1543 | D:2      | Reached XP level 5. HP: 16/46 MP: 6/8
  1858 | D:2      | Found a runed translucent door.
  1859 | D:2      | Noticed Crazy Yiuf
  2253 | D:2      | Killed Crazy Yiuf
  2253 | D:2      | Reached skill level 4 in Fighting
  3225 | D:3      | Reached skill level 5 in Unarmed Combat
  3229 | D:3      | Reached XP level 6. HP: 25/53 MP: 9/9
  3967 | D:3      | Found a shimmering altar of Xom.
  3968 | D:3      | Found a hazy altar of Hepliaklqana.
  3970 | D:3      | Noticed a spectral ugly thing
  4218 | D:4      | Learned a level 2 spell: Wereblood
  4222 | D:4      | Learned a level 3 spell: Spider Form
  4241 | D:4      | Found a sacrificial altar of Ru.
  4339 | D:4      | Became a worshipper of Ru the Awakened
  4382 | D:4      | Reached skill level 5 in Fighting
  4450 | D:4      | Your scales start taking on a glossy black colour.
  4450 | D:4      | Reached XP level 7. HP: 61/61 MP: 8/10
  4450 | D:4      | Gained mutation: You are resistant to electric shocks.
                  | (rElec) [Black Draconian growth]
  4472 | D:4      | Learned a level 4 spell: Ice Form
  4743 | D:5      | Entered Level 5 of the Dungeon
  4829 | D:5      | Found a shimmering altar of Xom.
  5026 | D:5      | Found a white marble altar of Elyvilon.
  5141 | D:5      | Found a staircase to the Ecumenical Temple.
  5712 | D:5      | Noticed Blork the orc
  5725 | D:5      | Killed Blork the orc
  5725 | D:5      | Reached XP level 8. HP: 70/70 MP: 7/11
  6184 | D:5      | Reached skill level 1 in Poison Magic
  6306 | D:5      | Gained mutation: You cannot be stealthy. [Ru sacrifice]
  6571 | D:6      | Reached skill level 6 in Fighting
  9061 | D:7      | Noticed Dowan
  9072 | D:7      | Reached skill level 7 in Fighting
  9072 | D:7      | Reached skill level 5 in Dodging
  9075 | D:7      | Noticed Duvessa
  9093 | D:7      | Killed Duvessa
  9093 | D:7      | Reached XP level 9. HP: 60/79 MP: 8/12
  9103 | D:7      | Killed Dowan
  9269 | D:7      | Gained mutation: You are hated by all. [Ru sacrifice]
  9269 | D:7      | Reached * piety under Ru
  9269 | D:7      | Reached ** piety under Ru
  9592 | D:7      | Noticed Maggie
  9609 | D:7      | Killed Maggie
  9613 | D:7      | Reached skill level 8 in Fighting
  9647 | D:7      | Reached skill level 5 in Poison Magic
 10489 | D:8      | Noticed Erica
 10495 | D:8      | Killed Erica
 10495 | D:8      | Reached skill level 9 in Fighting
 10495 | D:8      | Reached XP level 10. HP: 91/91 MP: 13/13
 11317 | D:8      | Found a staircase to the Lair.
 12006 | D:8      | Found a glowing golden altar of the Shining One.
 12124 | D:9      | Found a burning altar of Makhleb.
 12129 | D:9      | Noticed Erolcha
 12142 | D:9      | Killed Erolcha
 12331 | D:9      | Found Codway's Weapon Emporium.
 12358 | D:9      | Noticed an unseen horror
 12383 | D:9      | HP: 3/93 [something (6)]
 12833 | D:9      | Reached skill level 10 in Fighting
 13133 | D:9      | Noticed a two-headed ogre
 13163 | D:9      | Killed a two-headed ogre
 13595 | D:9      | Found a stormy altar of Qazlal.
 13636 | D:9      | You fall into a shaft and drop 1 floor!
 13636 | D:10     | Entered Level 10 of the Dungeon
 13667 | D:10     | Reached skill level 1 in Ice Magic
 13669 | D:10     | Noticed a two-headed ogre
 13768 | D:10     | Killed a two-headed ogre
 13768 | D:10     | Reached XP level 11. HP: 60/100 MP: 14/14
 14356 | D:10     | Found Othrem's Serpentskin Sales.
 14974 | D:10     | Found a portal to a secret trove of treasure.
 15369 | D:11     | Killed from afar by an orc wizard

Illustrated notes

Levels and vault maps discovered:
D:1:      psy_arrival_radial01, layout_basic
D:2:      wad_pebble_path, layout_loops_cross, uniq_jessica,
          uniq_crazy_yiuf_cottage
D:3:      layout_loops_ring, regret_index_temple_of_mockery
D:4:      layout_cave_pools, nicolae_ru_awakened_eye
D:5:      layout_loops_ring, elyvilon_altar_5, minmay_temple_entry_large_hall,
          tgw_xom, uniq_blork_the_orc
D:6:      lemuel_upstairs_altar, layout_layer_cave, kennysheep_minor_cross
D:7:      layout_loops_cross, dk_noncrumbling_3, uniq_duvessa, uniq_maggie
D:8:      layout_basic, erik_lair_orcish_takeover, nicolae_tso_besieged_by_evil,
          uniq_erica
D:9:      layout_small_grid, grunt_qazlal_clouds, kennysheep_mini, serial_shops,
          nicolae_shop_trees, nrook_guardian_serpent_ordinary, uniq_erolcha
D:10:     layout_rooms, serial_ice, serial_ice_m, serial_ice_k, serial_ice_g,
          serial_ice_b, nicolae_trove_entry_diagonal, guppyfry_shop_venom
D:11:     layout_stronghold, minmay_misc_feat_x

Skill      XL: |  1  2  3  4  5  6  7  8  9 10 11 |
---------------+----------------------------------+-----
Fighting       | 2 3 4 5 7 9 10 | 10.2
Unarmed Combat | 4 5 6 7 |  7.6
Dodging        | 2 3 5 6 8 |  8.5
Transmutations | 3 4 |  4.9
Poison Magic   | 3 6 7 |  7.6
Ice Magic      | 1 2 |  2.5
Spellcasting   | 3 |  3.1

Action                   |  1- 3 |  4- 6 |  7- 9 | 10-12 || total
-------------------------+-------+-------+-------+-------++-------
Melee: Unarmed           |    70 |   211 |   365 |   346 ||   992
       Kick              |     9 |    34 |    85 |    60 ||   188
       Headbutt          |     9 |    21 |    39 |    49 ||   118
       Tailslap          |     5 |    27 |    41 |    36 ||   109
       Punch             |     2 |     3 |    10 |    16 ||    31
 Cast: Beastly Appendage |    12 |    27 |    38 |    31 ||   108
       Spider Form       |       |       |     5 |     8 ||    13
       Wereblood         |       |       |     4 |     4 ||     8
       Ice Form          |       |       |       |     3 ||     3
Invok: Sacrifice Stealth |       |       |     1 |       ||     1
       Sacrifice Love    |       |       |     1 |       ||     1
       Reject Sacrifices |       |       |       |     1 ||     1
 Abil: Breathe Lightning |       |       |     1 |     5 ||     6
       End Transformatio |       |       |       |     2 ||     2
Evoke: Wand              |       |       |     5 |     7 ||    12
  Use: Scroll            |     4 |     1 |    11 |     9 ||    25
       Potion            |     1 |       |     1 |     7 ||     9
 Stab: Paralysed         |       |       |       |     2 ||     2
Armor: Skin              |    32 |    38 |    75 |    50 ||   195
Dodge: Dodged            |    33 |   103 |   196 |   363 ||   695
Block: Other             |    11 |    47 |    66 |    94 ||   218
       Reflection        |     1 |     1 |       |     2 ||     4

Table legend: (Time is in decaauts)
 A = Elapsed time spent in this place.
 B = Non-inter-level travel time spent in this place.
 C = Inter-level travel time spent in this place.
 D = Time resting spent in this place.
 E = Time spent auto-exploring this place.
 F = Levels seen in this place.
 G = Mean time per level.
                   A        B        C        D        E       F      G
               +--------+--------+--------+--------+--------+-----+--------+
         Total |  15271 |  14725 |    546 |   5869 |   6865 |  11 | 1388.3 |
       Dungeon |  15271 |  14725 |    546 |   5869 |   6865 |  11 | 1388.3 |
               +--------+--------+--------+--------+--------+-----+--------+

Top non-repeatable levels by time:
     D:6: 2703 daAuts
     D:2: 1958 daAuts
     D:5: 1814 daAuts
    D:10: 1578 daAuts
     D:8: 1578 daAuts
     D:9: 1555 daAuts
     D:3: 1224 daAuts
     D:7: 1047 daAuts
     D:1: 924 daAuts
     D:4: 742 daAuts
    D:11: 143 daAuts
